[ AOE2 MATCH · #495259788 ]
UnrankedWei vs Bohemians
Player's team · LOSS
Rival team · WIN
[ REPLAY ANALYSIS · EXTRACTED FROM THE RECORDED GAME ]
Feudal
8:12
Castle
23:35
Imperial
40:37
| APM avg | 60.6 |
| APM peak | 96 |
| eAPM avg | 25.2 |
| Villagers / military | 139 / 67 |
Focus
⚔️ 36.1% · 🌾 63.9%
Scout Cavalry ×59 · Unknown (1952) ×24 · Unknown (1944) ×14 · Skirmisher ×8 · Unknown (1949) ×3
Feudal
8:54
Castle
20:55
Imperial
36:57
| APM avg | 50.5 |
| APM peak | 93 |
| eAPM avg | 28.1 |
| Villagers / military | 170 / 84 |
Focus
⚔️ 33.3% · 🌾 66.7%
Hussite Wagon ×41 · Archer ×15 · Spearman ×8 · Monk ×7 · Trebuchet (Packed) ×6 · Militia ×3
Match map
Initial resources + every placement click. Lines = walls · curves = elevation contours. ◆ gold · ⬟ stone · ● berries · ✦ relic · ◌ wall gap
Your base· ✓ Closed at 23:35 · 78t walls · 1 gate(s)
Eray_'s base· ✓ Closed at 20:55 · 58t walls · no gate
Smoothed initial terrain · ◌ = detected wall gap · hover for details
Inputs per minute
— aDT_Flempopo - - Eray_
Build order — aDT_Flempopo
First 150 of 430 actions detected
| 0:00 | Create | Villager (Male) |
| 0:00 | Create | Villager (Male) |
| 0:01 | Create | Villager (Male) |
| 0:02 | Build | House |
| 0:02 | Build | House |
| 0:07 | Create | Villager (Male) |
| 1:23 | Create | Villager (Male) |
| 1:49 | Build | Lumber Camp |
| 1:59 | Create | Villager (Male) |
| 2:14 | Create | Villager (Male) |
| 2:46 | Create | Villager (Male) |
| 3:00 | Create | Villager (Male) |
| 3:31 | Create | Villager (Male) |
| 3:53 | Build | House |
| 4:12 | Create | Villager (Male) |
| 4:23 | Build | Mill |
| 4:35 | Create | Villager (Male) |
| 4:37 | Create | Villager (Male) |
| 4:45 | Research | Loom |
| 6:02 | Research | Feudal Age |
| 7:26 | Build | Barracks |
| 7:37 | Build | House |
| 8:12 | Age | Feudal Age |
| 8:22 | Build | Stable |
| 8:23 | Create | Villager (Male) |
| 8:35 | Research | Double-Bit Axe |
| 8:45 | Create | Villager (Male) |
| 8:58 | Build | Palisade Wall |
| 9:02 | Create | Scout Cavalry |
| 9:15 | Create | Villager (Male) |
| 9:19 | Build | Palisade Wall |
| 9:22 | Create | Scout Cavalry |
| 9:29 | Build | Palisade Wall |
| 9:36 | Create | Scout Cavalry |
| 9:46 | Create | Villager (Male) |
| 9:48 | Build | Palisade Wall |
| 9:59 | Build | Palisade Wall |
| 10:13 | Build | House |
| 10:14 | Build | Palisade Wall |
| 10:21 | Build | Palisade Wall |
| 10:25 | Build | Palisade Wall |
| 10:26 | Create | Villager (Male) |
| 10:33 | Build | House |
| 10:47 | Create | Scout Cavalry |
| 10:59 | Build | House |
| 10:59 | Build | Palisade Wall |
| 11:11 | Create | Villager (Male) |
| 11:38 | Build | Palisade Gate |
| 11:41 | Create | Villager (Male) |
| 11:48 | Research | Horse Collar |
| 11:51 | Build | Farm |
| 11:51 | Build | Farm |
| 11:55 | Build | House |
| 11:55 | Build | Palisade Wall |
| 11:57 | Build | Palisade Wall |
| 12:16 | Build | Archery Range |
| 12:21 | Create | Villager (Male) |
| 12:24 | Build | House |
| 12:25 | Build | Palisade Wall |
| 12:26 | Build | Palisade Wall |
| 12:33 | Build | Palisade Wall |
| 12:34 | Build | Palisade Wall |
| 12:38 | Build | Farm |
| 12:42 | Create | Villager (Male) |
| 12:51 | Build | Farm |
| 13:04 | Create | Villager (Male) |
| 13:25 | Build | Palisade Gate |
| 13:26 | Build | Palisade Wall |
| 13:30 | Create | Villager (Male) |
| 13:31 | Create | Skirmisher |
| 13:40 | Build | Farm |
| 13:42 | Build | Farm |
| 13:48 | Create | Skirmisher |
| 13:53 | Create | Villager (Male) |
| 14:04 | Create | Skirmisher |
| 14:16 | Build | Mining Camp |
| 14:30 | Create | Skirmisher |
| 14:41 | Create | Villager (Male) |
| 14:45 | Build | Mill |
| 14:55 | Create | Skirmisher |
| 15:05 | Create | Villager (Male) |
| 15:13 | Create | Skirmisher |
| 15:19 | Build | Farm |
| 15:20 | Create | Villager (Male) |
| 15:29 | Research | Gold Mining |
| 15:51 | Create | Villager (Male) |
| 16:15 | Create | Villager (Male) |
| 16:24 | Build | Blacksmith |
| 16:32 | Create | Skirmisher |
| 16:33 | Build | Farm |
| 16:41 | Create | Villager (Male) |
| 16:48 | Build | Lumber Camp |
| 17:00 | Create | Scout Cavalry |
| 17:02 | Create | Villager (Male) |
| 17:10 | Research | Fletching |
| 17:11 | Create | Skirmisher |
| 17:32 | Create | Villager (Male) |
| 17:38 | Build | House |
| 17:43 | Build | Farm |
| 17:43 | Build | Farm |
| 17:43 | Build | Farm |
| 17:44 | Create | Villager (Male) |
| 18:04 | Build | Farm |
| 18:13 | Build | Farm |
| 18:15 | Build | Farm |
| 18:34 | Create | Villager (Male) |
| 18:40 | Build | Farm |
| 18:50 | Build | Market |
| 18:57 | Create | Villager (Male) |
| 19:00 | Build | Farm |
| 19:04 | Build | Farm |
| 19:16 | Create | Villager (Male) |
| 19:20 | Build | Farm |
| 19:45 | Create | Villager (Male) |
| 19:50 | Build | House |
| 19:54 | Build | House |
| 19:56 | Build | House |
| 20:00 | Build | House |
| 20:01 | Build | House |
| 20:03 | Build | House |
| 20:11 | Create | Villager (Male) |
| 20:24 | Build | Farm |
| 20:40 | Research | Castle Age |
| 20:55 | Build | Farm |
| 20:58 | Build | Farm |
| 21:07 | Build | House |
| 21:29 | Research | Bloodlines |
| 21:32 | Build | Archery Range |
| 21:35 | Build | Archery Range |
| 21:46 | Build | House |
| 21:47 | Build | House |
| 21:49 | Build | House |
| 21:52 | Build | Palisade Wall |
| 21:54 | Build | House |
| 21:57 | Build | House |
| 22:07 | Build | House |
| 22:25 | Research | Scale Barding Armor |
| 22:40 | Build | Stable |
| 22:56 | Create | Villager (Male) |
| 22:58 | Build | Stable |
| 23:05 | Research | Forging |
| 23:09 | Build | Farm |
| 23:35 | Age | Castle Age |
| 23:35 | Research | Chain Barding Armor |
| 23:35 | Research | Chain Barding Armor |
| 23:38 | Create | Unit 1944 |
| 23:38 | Create | Unit 1944 |
| 23:39 | Create | Unit 1944 |
| 24:05 | Create | Unit 1944 |
| 24:05 | Create | Unit 1944 |
Build order — Eray_
First 150 of 481 actions detected
| 0:01 | Create | Villager (Male) |
| 0:01 | Create | Villager (Male) |
| 0:01 | Create | Villager (Male) |
| 0:01 | Create | Villager (Male) |
| 0:02 | Create | Villager (Male) |
| 0:03 | Build | House |
| 0:04 | Build | House |
| 1:25 | Create | Villager (Male) |
| 1:25 | Create | Villager (Male) |
| 1:56 | Build | Lumber Camp |
| 2:02 | Create | Villager (Male) |
| 2:03 | Create | Villager (Male) |
| 2:32 | Create | Villager (Male) |
| 2:33 | Create | Villager (Male) |
| 3:14 | Create | Villager (Male) |
| 3:14 | Create | Villager (Male) |
| 3:33 | Create | Villager (Male) |
| 3:33 | Create | Villager (Male) |
| 3:55 | Build | House |
| 4:05 | Create | Villager (Male) |
| 4:05 | Create | Villager (Male) |
| 4:29 | Build | House |
| 4:34 | Create | Villager (Male) |
| 4:35 | Create | Villager (Male) |
| 4:57 | Create | Villager (Male) |
| 4:57 | Create | Villager (Male) |
| 5:17 | Create | Villager (Male) |
| 5:34 | Create | Villager (Male) |
| 5:41 | Build | Barracks |
| 6:10 | Research | Loom |
| 6:11 | Research | Loom |
| 6:34 | Build | House |
| 6:44 | Research | Feudal Age |
| 6:45 | Research | Feudal Age |
| 7:11 | Build | Palisade Wall |
| 7:28 | Create | Militia |
| 7:47 | Build | Mining Camp |
| 8:03 | Create | Militia |
| 8:33 | Create | Militia |
| 8:42 | Build | Palisade Wall |
| 8:54 | Age | Feudal Age |
| 8:57 | Create | Villager (Male) |
| 9:08 | Research | Man-at-Arms (upgrade) |
| 9:08 | Research | Man-at-Arms (upgrade) |
| 9:15 | Create | Villager (Male) |
| 9:26 | Build | Mill |
| 9:30 | Build | Palisade Wall |
| 9:40 | Create | Villager (Male) |
| 10:13 | Create | Villager (Male) |
| 10:33 | Create | Villager (Male) |
| 10:38 | Build | Archery Range |
| 10:46 | Create | Spearman |
| 10:49 | Create | Villager (Male) |
| 10:56 | Build | House |
| 10:58 | Build | Palisade Wall |
| 11:05 | Create | Villager (Male) |
| 11:09 | Build | Palisade Wall |
| 11:32 | Build | Farm |
| 11:34 | Create | Archer |
| 11:37 | Build | Farm |
| 11:45 | Create | Villager (Male) |
| 11:51 | Build | Farm |
| 11:56 | Build | Farm |
| 12:04 | Create | Archer |
| 12:18 | Create | Villager (Male) |
| 12:18 | Create | Villager (Male) |
| 12:22 | Build | House |
| 12:27 | Build | House |
| 12:34 | Build | Farm |
| 12:39 | Create | Archer |
| 12:45 | Create | Villager (Male) |
| 12:45 | Create | Villager (Male) |
| 13:05 | Create | Villager (Male) |
| 13:13 | Build | Farm |
| 13:16 | Build | Farm |
| 13:17 | Create | Archer |
| 13:37 | Research | Double-Bit Axe |
| 13:43 | Build | Farm |
| 13:45 | Create | Archer |
| 13:53 | Create | Villager (Male) |
| 13:53 | Create | Villager (Male) |
| 13:57 | Create | Archer |
| 14:12 | Create | Villager (Male) |
| 14:14 | Build | Farm |
| 14:29 | Build | House |
| 14:32 | Create | Villager (Male) |
| 14:34 | Build | Farm |
| 14:37 | Build | Farm |
| 14:39 | Create | Archer |
| 14:55 | Create | Villager (Male) |
| 15:03 | Build | Farm |
| 15:21 | Create | Villager (Male) |
| 15:41 | Build | Blacksmith |
| 15:46 | Create | Archer |
| 15:49 | Create | Villager (Male) |
| 16:22 | Create | Archer |
| 16:23 | Create | Villager (Male) |
| 16:33 | Build | Stable |
| 16:37 | Build | Farm |
| 16:38 | Create | Archer |
| 16:39 | Create | Villager (Male) |
| 16:41 | Build | Farm |
| 16:53 | Build | Farm |
| 17:04 | Create | Villager (Male) |
| 17:18 | Create | Villager (Male) |
| 17:29 | Build | Farm |
| 17:32 | Create | Archer |
| 17:34 | Build | Farm |
| 17:38 | Build | House |
| 17:40 | Build | House |
| 18:15 | Research | Castle Age |
| 18:15 | Research | Castle Age |
| 18:15 | Research | Castle Age |
| 18:28 | Build | Lumber Camp |
| 18:31 | Create | Archer |
| 18:33 | Research | Padded Archer Armor |
| 18:33 | Research | Padded Archer Armor |
| 18:36 | Research | Padded Archer Armor |
| 18:37 | Research | Padded Archer Armor |
| 18:37 | Research | Padded Archer Armor |
| 18:41 | Build | House |
| 18:52 | Research | Horse Collar |
| 18:52 | Research | Horse Collar |
| 18:52 | Research | Horse Collar |
| 18:54 | Create | Archer |
| 19:11 | Build | House |
| 19:13 | Build | House |
| 19:33 | Create | Archer |
| 19:54 | Build | Stable |
| 19:58 | Build | House |
| 20:01 | Build | House |
| 20:03 | Build | Stone Wall |
| 20:04 | Build | Palisade Wall |
| 20:13 | Create | Scout Cavalry |
| 20:13 | Create | Scout Cavalry |
| 20:17 | Build | House |
| 20:20 | Build | House |
| 20:28 | Build | Palisade Wall |
| 20:38 | Build | Palisade Wall |
| 20:55 | Age | Castle Age |
| 20:58 | Research | Crossbowman (upgrade) |
| 20:58 | Research | Fletching |
| 20:58 | Research | Fletching |
| 20:59 | Research | Fletching |
| 21:00 | Create | Villager (Male) |
| 21:08 | Create | Knight |
| 21:19 | Create | Villager (Male) |
| 21:48 | Research | Bodkin Arrow |
| 21:48 | Research | Bodkin Arrow |
| 21:53 | Build | Town Center |
Match timeline
| 5:41 | Eray_ · first_building Barracks |
| 7:11 | Eray_ · wall_segment Palisade Wall x8 |
| 7:26 | aDT_Flempopo · first_building Barracks |
| 8:12 | aDT_Flempopo · age_up feudal |
| 8:22 | aDT_Flempopo · first_building Stable |
| 8:42 | Eray_ · wall_segment Palisade Wall x19 |
| 8:54 | Eray_ · age_up feudal |
| 8:58 | aDT_Flempopo · wall_segment Palisade Wall x8 |
| 9:19 | aDT_Flempopo · wall_segment Palisade Wall x2 |
| 9:29 | aDT_Flempopo · wall_segment Palisade Wall x3 |
| 9:30 | Eray_ · wall_segment Palisade Wall x17 |
| 9:48 | aDT_Flempopo · wall_segment Palisade Wall x3 |
| 9:59 | aDT_Flempopo · wall_segment Palisade Wall x8 |
| 10:14 | aDT_Flempopo · wall_segment Palisade Wall x7 |
| 10:21 | aDT_Flempopo · wall_segment Palisade Wall x4 |
| 10:25 | aDT_Flempopo · wall_segment Palisade Wall x1 |
| 10:38 | Eray_ · first_building Archery Range |
| 10:58 | Eray_ · wall_segment Palisade Wall x1 |
| 10:59 | aDT_Flempopo · wall_segment Palisade Wall x8 |
| 11:09 | Eray_ · wall_segment Palisade Wall x1 |
| 11:55 | aDT_Flempopo · wall_segment Palisade Wall x6 |
| 11:57 | aDT_Flempopo · wall_segment Palisade Wall x2 |
| 12:16 | aDT_Flempopo · first_building Archery Range |
| 12:25 | aDT_Flempopo · wall_segment Palisade Wall x5 |
| 12:26 | aDT_Flempopo · wall_segment Palisade Wall x1 |
| 12:33 | aDT_Flempopo · wall_segment Palisade Wall x9 |
| 12:34 | aDT_Flempopo · wall_segment Palisade Wall x9 |
| 13:26 | aDT_Flempopo · wall_segment Palisade Wall x4 |
| 16:33 | Eray_ · first_building Stable |
| 20:03 | Eray_ · wall_segment Stone Wall x1 |
| 20:04 | Eray_ · wall_segment Palisade Wall x1 |
| 20:28 | Eray_ · wall_segment Palisade Wall x8 |
| 20:38 | Eray_ · wall_segment Palisade Wall x4 |
| 20:39 | aDT_Flempopo · first_market_buy 100 food |
| 20:55 | Eray_ · age_up castle |
| 21:52 | aDT_Flempopo · wall_segment Palisade Wall x1 |
| 23:22 | Eray_ · wall_segment Palisade Wall x1 |
| 23:35 | aDT_Flempopo · age_up castle |
| 26:12 | Eray_ · first_building Monastery |
| 26:56 | Eray_ · wall_segment Palisade Wall x1 |
| 28:02 | Eray_ · first_building Castle |
| 28:19 | Eray_ · wall_segment Stone Wall x1 |
| 33:46 | Eray_ · first_market_sell 500 wood |
| 36:50 | aDT_Flempopo · first_building Monastery |
| 36:57 | Eray_ · age_up imperial |
| 37:08 | Eray_ · first_market_buy 100 wood |
| 37:30 | aDT_Flempopo · first_market_sell 500 wood |
| 37:52 | aDT_Flempopo · first_building Castle |
| 38:47 | Eray_ · first_building Siege Workshop |
| 40:37 | aDT_Flempopo · age_up imperial |
| 42:15 | aDT_Flempopo · wall_segment Palisade Wall x1 |
| 45:01 | aDT_Flempopo · resign |
[ AI ANALYSIS · 1 CREDIT ]
What really happened in this match?
Wolo.gg analyzes every decision: build order, eco, micro, common mistakes by bracket. Personalized analysis on WhatsApp or Discord in 30 seconds.
Civ guide
Wei
Perfil
aDT_Flempopo